 Dungeon Crawl Stone Soup version 0.30.1-3-gfc49f6343a (webtiles) character file.

Game seed: 7143422707924185446

112 croobank the Ducker (level 4, -7/31 HPs)
             Began as an Octopode Monk on July 20, 2023.
             Was a Priest of Lugonu.
             Killed by divine providence
             ... invoked by an orc priest
              (10 damage)
             ... on level 4 of the Dungeon.
             The game lasted 00:06:19 (2007 turns).

croobank the Ducker (Octopode Monk)                 Turns: 2007, Time: 00:06:20

Health: -7/31      AC:  1    Str: 10    XL:     4   Next: 95%
Magic:  5/5        EV: 14    Int: 15    God:    Lugonu [***...]
Gold:   116        SH:  0    Dex: 14    Spells: 5/5 levels left

rFire   . . .        a - +0 short sword
rCold   . . .        (no shield)
rNeg    . . .        (helmet restricted)
rPois   .            (no amulet)
rElec   .            r - +1 ring of intelligence
rCorr   .            (no ring)
SInv    .            (no ring)
Will    .....        (no ring)
Stlth   ++           (no ring)
HPRegen 0.25/turn    (no ring)
MPRegen 0.09/turn    (no ring)
                     (no ring)

%: no passive effects
@: about to teleport
A: almost no armour, amphibious, 8 rings, camouflage 1, gelatinous body 1,
(nimble swimmer 1), tentacles
a: Renounce Religion, Depart the Abyss, Banish


You were on level 4 of the Dungeon.
You worshipped Lugonu.
Lugonu was most pleased with you.
You visited 1 branch of the dungeon, and saw 4 of its levels.

You collected 140 gold pieces.
You spent 24 gold pieces at shops.

Inventory:

Hand Weapons
 a - a +0 short sword (weapon)
 k - a +0 trident
Missiles
 d - 2 javelins
 h - 2 curare-tipped darts (quivered)
Armour
 c - an orb of light
 p - the +0 buckler of the Skies Above {Str+5 Int+3}
   (You acquired it on level 3 of the Dungeon)

   Str:       It affects your strength (+5).
   Int:       It affects your intelligence (+3).
Jewellery
 r - a +1 ring of intelligence (left tentacle)
Scrolls
 l - 3 scrolls of teleportation
 n - a scroll of enchant weapon {unknown}
Potions
 b - a potion of ambrosia
 e - a potion of flight
 f - a potion of attraction
 g - 2 potions of curing
 i - a potion of magic
 j - 2 potions of heal wounds {unknown}
 m - 3 potions of cancellation {unknown}
 q - a potion of degeneration {unknown}
 s - a potion of mutation {unknown}


   Skills:
 - Level 3.5 Fighting
 - Level 3.5 Short Blades
 - Level 3.6 Dodging
 + Level 1.3 Shields
 - Level 1.0 Spellcasting
 - Level 1.4 Air Magic


You had 5 spell levels left.
You didn't know any spells.
Your spell library contained the following spells:

 Spells                   Type           Power      Damage    Failure   Level
 Apportation              Tloc           0%         N/A       24%         1
 Necrotise                Necr           0%         1d4       24%         1
 Summon Small Mammal      Summ           0%         N/A       24%         1
 Vhi's Electric Charge    Tloc/Air       6%         N/A       47%         3
 Arcjolt                  Conj/Air       1%         1d11      99%         5
 Plasma Beam              Fire/Air       1%         2x1d12    100%        6


Dungeon Overview and Level Annotations

Branches:
Dungeon (4/15)
 Temple: D:4-7

Altars:
Dithmenos
Xom
Lugonu

Shops:
D:3 =


Innate Abilities, Weirdness & Mutations

You cannot wear most types of armour.
You are amphibious.
You can wear up to eight rings at the same time.
Your skin changes colour to match your surroundings (Stealth+).
Your rubbery body absorbs attacks. (AC +1, EV +1)
((You are camouflaged when in or above water. (Stealth+)))
You have tentacles for arms and can constrict up to eight enemies at once.


Message History

You constrict the orc, but do no damage.
The orc closely misses you.
You hit the orc but do no damage.
You constrict the orc, but do no damage.
The orc closely misses you.
The orc priest mumbles some strange prayers to Beogh against you.
Beogh smites you!
* * * LOW HITPOINT WARNING * * *
You hit the orc but do no damage. You constrict the orc.
The orc hits you but does no damage.
You hit the orc. You squeeze the orc.
The orc is severely wounded.
You constrict the orc.
You kill the orc!
Lugonu accepts your kill.
Throw: 4 darts (curare)
Press: ? - help, Q - select action, (/) - cycle Shift-Dir - straight line, f - scorpion
Aim: a scorpion (59% to hit)
You throw a curare-tipped dart.
The curare-tipped dart closely misses the scorpion.
The curare-tipped dart barely misses the orc priest.
The scorpion stings you.
* * * LOW HITPOINT WARNING * * *
Throw: 3 darts (curare)
Press: ? - help, Q - select action, (/) - cycle Shift-Dir - straight line, f/p - scorpion
Aim: a scorpion (59% to hit)
You throw a curare-tipped dart.
The curare-tipped dart hits the scorpion.
The scorpion is poisoned.
The scorpion convulses.
The scorpion seems to slow down.
The scorpion is lightly wounded.
The scorpion stings you.
* * * LOW HITPOINT WARNING * * *
An orc priest comes into view. It is wielding a +0 club.
As you read the scroll labelled ERONGOETUE, it crumbles to dust.
You feel strangely unstable.
It was a scroll of teleportation.
The scorpion barely misses you.
The orc priest mumbles some strange prayers to Beogh against you.
Beogh smites you!
You die...

#.##.#.#.#.# #.#
#.##...#...###.####.#
#.######.##.>.......#
..# #.##.##.######
### #.##.#..#
#.##...## #####
#.###..#
......##.###..#
#.os@..##..#
#.o##.)##..# #.
##..##..# # #.......#
#......## .......##.#
.......##.#
......#.....
##..#.#......


You could see a scorpion (very poisoned, slow) and 2 orc priests.

Vanquished Creatures
  Terence (D:2)
  3 adders
  4 dart slugs
  3 orcs (D:4)
  7 ball pythons
  4 bats
  4 endoplasms
  A giant cockroach (D:2)
  4 goblins (D:1)
  6 hobgoblins
  A quokka (D:1)
  5 frilled lizards
  4 kobolds
  3 rats
50 creatures vanquished.

Notes
Turn   | Place    | Note
-------+----------+-------------------------------------------
     0 | D:1      | croobank the Octopode Monk began the quest for the Orb.
     0 | D:1      | Reached XP level 1. HP: 16/16 MP: 1/1
   214 | D:1      | Reached XP level 2. HP: 18/21 MP: 2/2
   516 | D:1      | Reached XP level 3. HP: 22/26 MP: 3/3
   909 | D:2      | Noticed Terence
   915 | D:2      | Killed Terence
   916 | D:2      | Reached skill level 1 in Air Magic
   916 | D:2      | Reached XP level 4. HP: 31/31 MP: 3/5
   982 | D:2      | Reached skill level 1 in Spellcasting
  1453 | D:3      | Noticed a great orb of eyes
  1455 | D:3      | Found a faded altar of an unknown god.
  1461 | D:3      | Noticed an eye of devastation
  1462 | D:3      | Noticed a floating eye
  1462 | D:3      | Noticed an eye of devastation
  1471 | D:3      | Prayed at the altar of an unknown god.
  1471 | D:3      | Became a worshipper of Lugonu the Unformed
  1471 | D:3      | Reached * piety under Lugonu
  1471 | D:3      | Reached ** piety under Lugonu
  1532 | D:3      | Identified a scroll of acquirement
  1532 | D:3      | Acquired the +0 buckler of the Skies Above {Str+5 Int+3}
  1720 | D:3      | Found Pyukoik's One-of-a-Kind Rings.
  1726 | D:3      | Bought a +1 ring of intelligence for 24 gold pieces
  1787 | D:3      | Found a shimmering altar of Xom.
  1840 | D:3      | Found a shadowy altar of Dithmenos.
  1860 | D:4      | Reached skill level 1 in Shields
  1957 | D:4      | Reached *** piety under Lugonu
  1994 | D:4      | Noticed a scorpion
  2007 | D:4      | Killed from afar by an orc priest

Illustrated notes

Levels and vault maps discovered:
D:1:      lemuel_arrival_muddy, layout_loops_ring,
          chequers_serial_rivers_large_a
D:2:      layout_rooms, uniq_terence
D:3:      layout_rooms, general_overflow_altar, marbit_many_paths,
          hellmonk_ecumenical_altar_watching_god, nicolae_shop_unique_rings
D:4:      layout_loops_ring, minmay_temple_entry_junction_2

Skill      XL: |  1  2  3  4 |
---------------+-------------+-----
Air Magic      | 1 |  1.4
Spellcasting   | 1 |  1.0
Shields        | 1 |  1.3
Fighting       | |  3.5
Short Blades   | |  3.5
Dodging        | |  3.6

Action                     |  1- 3 |  4- 6 || total
---------------------------+-------+-------++-------
  Melee: Short sword       |    50 |    59 ||   109
         Constrict         |    13 |    14 ||    27
         Tentacles         |     7 |    11 ||    18
         Punch             |     1 |       ||     1
  Throw: Dart              |     1 |     2 ||     3
    Use: Scroll            |     4 |     4 ||     8
   Stab: Sleeping          |     6 |     6 ||    12
         Distracted        |     1 |       ||     1
 Armour: Skin              |     1 |     6 ||     7
  Dodge: Dodged            |    28 |    32 ||    60
